Construct Infanterie Kompanie
Selects Luftwaffe Battlegroup
Selects Luftwaffe Pioneer Support
Fallschirmpioneer Squad Paradrop
Construct Luftwaffe Kompanie
Selects Flak 38 Anti-Air Emplacement
Luftwaffe Officer Quarters
Selects Infantry Reserves
Marder III M Tank Destroyer
Construct Panzer Kompanie
Selects Stuka Strafing Run
Marder III M Tank Destroyer
Selects Fallschirmjäger Squad Paradrop
Construct Panzergrenadier Kompanie